 Dungeon Crawl Stone Soup version 0.19.0-11-g3fc08b3 (webtiles) character file.

18738 shmeve the Fighter (level 12, -4/169 HPs)
             Began as a Minotaur Berserker on Nov 9, 2016.
             Was a High Priest of Trog.
             Slain by a death yak (13 damage)
             ... on level 4 of the Lair of Beasts.
             The game lasted 00:26:51 (12866 turns).

shmeve the Fighter (Minotaur Berserker)            Turns: 12866, Time: 00:26:52

Health: -4/169     AC: 14    Str: 34    XL:     12   Next: 30%
Magic:  11/11      EV: 11    Int:  4    God:    Trog [*****.]
Gold:   706        SH: 18    Dex: 12    Spells: 0 memorised, 11 levels left

rFire  . . .     SeeInvis .     S - +1 hand axe (flame)
rCold  . . .     Gourm    .     D - +0 plate armour
rNeg   . . .     Faith    .     f - +0 shield
rPois  .         Spirit   .     (helmet restricted)
rElec  .         Reflect  +     (no cloak)
rCorr  .         Harm     .     (no gloves)
MR     +....                    (no boots)
Stlth  ..........               B - +5 amulet of reflection
                                C - ring of protection from magic
                                M - +4 ring of strength

@: berserking, very quick
A: retaliatory headbutt, horns 2
a: Berserk, Trog's Hand, Brothers in Arms, Burn Spellbooks, Renounce Religion


You were on level 4 of the Lair of Beasts.
You worshipped Trog.
Trog was extremely pleased with you.
You were not hungry.

You visited 2 branches of the dungeon, and saw 16 of its levels.
You also visited: Labyrinth.

You collected 790 gold pieces.
You spent 84 gold pieces at shops.

Inventory:

Hand Weapons
 b - a +0 war axe
 S - a +1 hand axe of flaming (weapon)
Missiles
 s - 13 javelins of penetration
 K - a throwing net
 L - a javelin (quivered)
 O - 7 steel javelins
Armour
 f - a +0 shield (worn)
 D - a +0 plate armour (worn)
Jewellery
 h - an uncursed ring of resist corrosion
 B - a +5 amulet of reflection (around neck)
 C - a ring of protection from magic (right hand)
 M - a +4 ring of strength (left hand)
 R - a +3 amulet of reflection
 U - an uncursed ring of protection from magic
Wands
 H - a wand of teleportation (4/9)
Scrolls
 a - 4 scrolls of random uselessness {unknown}
 e - 8 scrolls of remove curse
 i - 4 scrolls of blinking {unknown}
 k - 12 scrolls of identify
 l - 4 scrolls of teleportation {unknown}
 q - a scroll of magic mapping {unknown}
 w - 3 scrolls of immolation {unknown}
 x - 6 scrolls of recharging {unknown}
 y - a scroll of torment {unknown}
 E - a scroll of vulnerability {unknown}
 G - 2 scrolls of holy word {unknown}
 I - 2 scrolls of amnesia {unknown}
 P - a scroll of fog {unknown}
 W - 4 scrolls of enchant armour {unknown}
 X - 2 scrolls of enchant weapon {unknown}
 Y - a scroll of acquirement {unknown}
 Z - a scroll of noise {unknown}
Potions
 d - 4 potions of heal wounds {unknown}
 g - 2 potions of resistance {unknown}
 j - 3 potions of agility {unknown}
 m - 8 potions of curing {unknown}
 n - a potion of cure mutation {unknown}
 o - 2 potions of degeneration {unknown}
 p - 2 potions of haste {unknown}
 t - 3 potions of brilliance {unknown}
 u - 3 potions of might {unknown}
 v - 3 potions of invisibility {unknown}
 A - a potion of cancellation {unknown}
 J - a potion of lignification {unknown}
Miscellaneous
 T - a sack of spiders
Comestibles
 c - 13 bread rations
 r - 13 meat rations
 z - 5 beef jerkies
 F - 2 royal jellies
 N - 3 slices of pizza
 V - 20 fruits


   Skills:
 - Level 12.5 Fighting
 - Level 12.3 Axes
 - Level 6.9 Throwing
 - Level 8.8 Armour
 - Level 8.3 Dodging
 + Level 9.5 Shields


You had 11 spell levels left.
You didn't know any spells.

Dungeon Overview and Level Annotations

Branches:
Dungeon (12/15)            Temple (0/1) D:4            Lair (4/6) D:9
 Spider (0/4) Lair:3          Orc (0/2) D:10
  Swamp: Lair:2-4    Shoals: Lair:2-4

Altars:
Cheibriados
Elyvilon
Hepliaklqana
Ru
Trog
Vehumet
Yredelemnul

Shops:
D:5 ?   D:12 [


Innate Abilities, Weirdness & Mutations

You reflexively headbutt those who attack you in melee.
You have a pair of horns on your head.


Message History

You block the death yak's attack. x2
You slice the death yak!! You burn the death yak! You headbutt the death yak!
The death yak is heavily wounded.
You slash the death yak! You burn the death yak.
You hit the death yak but do no damage. You block the death yak's attack.
The death yak gores you!
* * * LOW HITPOINT WARNING * * *
Unknown command.
You hit the death yak but do no damage. Your headbutt misses the death yak.
The death yak is moderately wounded.
You slash the death yak! You burn the death yak.
You completely miss the death yak. The death yak completely misses you.
You hit the death yak. You burn the death yak.
Your headbutt misses the death yak.
The death yak is moderately wounded.
You hit the death yak. You burn the death yak.
You hit the death yak but do no damage.
The death yak gores you but does no damage.
The death yak gores you!
You die...

#........... .
#..<..# ..
##...########..
#.....#........
#....#.....# ##
##.........# ..#.
#.....#...# .....
#.....#...##...P.#
#.........@Y...P..
#.........YY......
###...#.##..##.###
#.######.### # ##
#


You could see 3 death yaks.

Vanquished Creatures
  A minotaur (Lab)
  The ghost of Potronius the Impaler, a journeyman MfFi of Makhleb (D:10)
  A hydra (Lair:3)
  A centaur warrior (D:9)
  2 hill giants
  A black mamba (Lair:3)
  4 spiny frogs
  2 rime drakes (Lair:2)
  3 komodo dragons
  3 trolls
  2 hornets
  A two-headed ogre (D:12)
  6 hippogriffs
  3 shadows
  2 spriggans
  9 yaks (D:10)
  A wraith (D:11)
  A basilisk (Lair:2)
  A hungry ghost (Lab)
  A wyvern (Lair:1)
  5 water moccasins
  A porcupine (Lair:2)
  4 orc warriors
  Duvessa (D:7)
  A black bear (D:8)
  4 ice beasts
  A sky beast (D:9)
  4 phantoms
  A necrophage (D:6)
  5 centaurs
  7 ogres
  3 wolves (Lair:2)
  The ghost of thirtiethelement the Bolt Thrower, an amateur OpWn (D:3)
  9 crocodiles
  7 bullfrogs
  A wyvern zombie (D:11)
  Dowan (D:7)
  A scorpion (D:4)
  5 wights (D:12)
  19 killer bees
  2 electric eels
  4 howler monkeys
  4 crimson imps
  5 hounds
  A bullfrog zombie (D:8)
  2 jellies
  2 orc priests
  2 bullfrog skeletons
  12 orc wizards
  5 worker ants
  A hound skeleton (D:6)
  17 adders
  8 gnolls
  7 shadow imps
  An adder zombie (D:5)
  An adder skeleton (D:6)
  A worm (D:3)
  4 dart slugs
  3 leopard geckos
  47 orcs
  A ball python (D:2)
  4 bats
  2 giant cockroaches
  8 goblins
  6 hobgoblins
  23 jackals
  7 kobolds
  3 quokkas
  13 frilled lizards
  A jackal skeleton (D:9)
  A quokka zombie (D:8)
  6 rats (D:2)
331 creatures vanquished.

Vanquished Creatures (others)
  A giant cockroach (D:6)
  A plant (Lair:3)
2 creatures vanquished.

Grand Total: 333 creatures vanquished

Notes
Turn   | Place    | Note
-------+----------+-------------------------------------------
     0 | D:1      | shmeve the Minotaur Berserker began the quest for the Orb.
     0 | D:1      | Reached XP level 1. HP: 19/19 MP: 0/0
    12 | D:1      | Reached XP level 2. HP: 15/27 MP: 1/1
   327 | D:1      | Reached ** piety under Trog
   380 | D:1      | Reached XP level 3. HP: 33/33 MP: 2/2
   764 | D:2      | Found a hazy altar of Hepliaklqana.
  1015 | D:2      | Reached XP level 4. HP: 41/41 MP: 3/3
  1030 | D:2      | Reached skill level 1 in Throwing
  1032 | D:2      | Reached skill level 5 in Axes
  1346 | D:3      | Reached XP level 5. HP: 34/47 MP: 4/4
  1416 | D:3      | Noticed thirtiethelement's ghost (amateur OpWn)
  1423 | D:3      | Killed thirtiethelement's ghost
  1423 | D:3      | Reached skill level 5 in Fighting
  1583 | D:3      | Reached *** piety under Trog
  2121 | D:4      | Reached XP level 6. HP: 56/56 MP: 5/5
  2190 | D:4      | Found a basalt altar of Yredelemnul.
  2224 | D:4      | Found a radiant altar of Vehumet.
  2304 | D:4      | Found a sacrificial altar of Ru.
  2667 | D:4      | Found a staircase to the Ecumenical Temple.
  2844 | D:4      | Reached XP level 7. HP: 63/63 MP: 6/6
  2928 | D:5      | Entered Level 5 of the Dungeon
  3428 | D:5      | Found Tytomy's Magic Scroll Shop.
  3436 | D:5      | Bought a scroll of remove curse for 36 gold pieces
  3436 | D:5      | Bought a scroll of identify for 24 gold pieces
  3436 | D:5      | Bought a scroll of identify for 24 gold pieces
  3458 | D:5      | Reached **** piety under Trog
  3925 | D:6      | Reached XP level 8. HP: 72/73 MP: 7/7
  4010 | D:6      | Found a snail-covered altar of Cheibriados.
  4154 | D:6      | Reached skill level 5 in Armour
  4318 | D:6      | Found a radiant altar of Vehumet.
  4395 | D:6      | Reached skill level 5 in Dodging
  4698 | D:7      | You fall through a shaft!
  4698 | D:8      | Found a bloodstained altar of Trog.
  4716 | D:8      | Reached XP level 9. HP: 59/82 MP: 8/8
  4737 | D:8      | Paralysed by a hornet for 1 turns
  5092 | D:7      | You fall through a shaft!
  5204 | D:8      | Found a white marble altar of Elyvilon.
  5274 | D:8      | Reached ***** piety under Trog
  5820 | D:7      | Noticed Duvessa
  5820 | D:7      | Noticed Dowan
  5828 | D:7      | Killed Dowan
  5833 | D:7      | Killed Duvessa
  6081 | D:9      | Noticed a centaur warrior
  6102 | D:9      | Killed a centaur warrior
  6102 | D:9      | Reached skill level 10 in Fighting
  6102 | D:9      | Reached skill level 10 in Axes
  6102 | D:9      | Reached skill level 5 in Throwing
  6102 | D:9      | Reached XP level 10. HP: 26/93 MP: 9/9
  6398 | D:9      | Found a staircase to the Lair.
  6479 | D:9      | Received a gift from Trog
  6524 | D:9      | Noticed a hill giant
  6532 | D:9      | Killed a hill giant
  6658 | D:9      | Received a gift from Trog
  7152 | D:9      | You fall through a shaft for 3 floors!
  7195 | D:12     | Found Plog's Armour Shoppe.
  7235 | D:12     | Noticed a hill giant
  7245 | D:12     | Killed a hill giant
  7675 | D:11     | Reached XP level 11. HP: 59/102 MP: 10/10
  7970 | D:11     | Found a labyrinth entrance.
  7982 | Lab      | Entered a labyrinth
  8018 | Lab      | Received a gift from Trog
  8120 | Lab      | Noticed a minotaur
  8132 | Lab      | Killed a minotaur
  8137 | Lab      | Got a steaming plate armour
  8148 | Lab      | Identified the +0 plate armour of Synchronized Stabbing {*Slow +Inv Dex+2} (You took it off a minotaur in a labyrinth)
  8672 | D:10     | Entered Level 10 of the Dungeon
  8672 | D:10     | Found a staircase to the Orcish Mines.
  9056 | D:10     | Noticed Potronius's ghost (journeyman MfFi)
  9070 | D:10     | Killed Potronius's ghost
  9575 | D:9      | Received a gift from Trog
  9826 | Lair:1   | Entered Level 1 of the Lair of Beasts
  9927 | Lair:1   | Noticed a spriggan rider
  9938 | Lair:1   | Reached skill level 1 in Shields
  9945 | Lair:1   | HP: 7/157 [poisoned by a hornet]
  9950 | Lair:1   | HP: 3/105 [poisoned by a hornet]
 10243 | Lair:1   | Received a gift from Trog
 10366 | Lair:1   | Reached skill level 5 in Shields
 10699 | Lair:2   | Reached XP level 12. HP: 99/113 MP: 11/11
 11942 | Lair:3   | Found a hole to the Spider Nest.
 12213 | Lair:3   | Received a gift from Trog
 12312 | Lair:3   | Noticed a four-headed hydra
 12319 | Lair:3   | Killed a one-headed hydra
 12850 | Lair:4   | Noticed a death yak
 12851 | Lair:4   | Noticed a death yak
 12852 | Lair:4   | Noticed a death yak
 12866 | Lair:4   | Slain by a death yak

Skill      XL: |  1  2  3  4  5  6  7  8  9 10 11 12 |
---------------+-------------------------------------+-----
Axes           | 4 5 6 7 8 10 11 12 | 12.3
Fighting       | 4 5 6 7 8 10 11 12 | 12.5
Throwing       | 1 2 3 5 6 |  6.9
Armour         | 3 4 5 6 8 |  8.8
Dodging        | 3 4 5 6 7 8 |  8.3
Shields        | 6 9 |  9.5

Action                   |  1- 3 |  4- 6 |  7- 9 | 10-12 || total
-------------------------+-------+-------+-------+-------++-------
Melee: Hand axe          |    62 |    42 |       |    34 ||   138
       Headbutt          |    11 |    16 |    63 |   117 ||   207
       War axe           |       |    77 |   265 |   406 ||   748
Throw: Javelin           |       |       |       |    16 ||    16
Invok: Berserk           |     1 |     4 |     1 |     8 ||    14
       Trog's Hand       |       |       |     1 |     1 ||     2
       Burn Spellbooks   |       |       |     1 |       ||     1
  Use: Scroll            |       |       |     1 |       ||     1
 Stab: Distracted        |       |       |       |     1 ||     1
  Eat: Chunk             |     1 |     9 |    13 |    23 ||    46
       Pizza             |       |       |       |     1 ||     1
       Fruit             |       |       |       |     3 ||     3
       Bread ration      |       |       |       |     1 ||     1
Armor: Animal skin       |     9 |    12 |       |       ||    21
       Scale mail        |       |    19 |       |       ||    19
       Chain mail        |       |    25 |    21 |       ||    46
       Plate armour      |       |       |   110 |   217 ||   327
Dodge: Dodged            |    53 |    63 |   102 |   255 ||   473
Block: Other             |       |       |    64 |    97 ||   161
       Reflection        |       |       |     5 |       ||     5
       Shield            |       |       |       |    21 ||    21
